 Dungeon Crawl Stone Soup version 0.23.1-37-gaa34b87b72 (webtiles) character file.

Game seed: 17618201984927053822

42 1994 the Grave Robber (level 3, -8/26 HPs)
             Began as a Mummy Necromancer on Mar 25, 2019.
             Mangled by a gnoll
             ... wielding a +0 halberd
              (11 damage)
             ... on level 1 of the Dungeon.
             The game lasted 00:04:27 (1612 turns).

1994 the Grave Robber (Mummy Necromancer)           Turns: 1612, Time: 00:04:28

Health: -8/26      AC:  3    Str: 11    XL:     3   Next: 35%
Magic:  3/7        EV: 12    Int: 15    God:
Gold:   56         SH:  0    Dex: 12    Spells: 7/8 levels left

rFire    x . .     SeeInvis .   c - +0 whip
rCold    + . .     Gourm    .   (no shield)
rNeg     + + +     Faith    .   b - +0 leather armour
rPois    ∞         Spirit   .   (no helmet)
rElec    .         Reflect  .   (no cloak)
rCorr    .         Harm     .   (no gloves)
MR       .....                  (no boots)
Stlth    ++........             (no amulet)
HPRegen  0.08/turn              (no ring)
MPRegen  0.10/turn              (no ring)

@: no status effects
A: no food or potions, fire vulnerability, cold resistance 1, negative energy
resistance 3, torment resistance, unbreathing
a: no special abilities


You were on level 1 of the Dungeon.
You were not hungry.

You visited 1 branch of the dungeon, and saw 2 of its levels.

You collected 56 gold pieces.

Inventory:

Hand Weapons
 c - a +0 whip (weapon)
 d - a +0 dagger
Armour
 a - a +0 robe
 b - a +0 leather armour (worn)
Scrolls
 e - a scroll of noise {unknown}
 f - a scroll of identify {unknown}


   Skills:
 + Level 1.1 Fighting
 + Level 2.0 Dodging
 - Level 1.6 Stealth
 + Level 3.2 Spellcasting
 * Level 4.4 Necromancy


You had 7 spell levels left.
You knew the following spells:

 Your Spells              Type           Power        Failure   Level  Hunger
a - Pain                  Necr           ###.         4%          1    N/A

Your spell library contained the following spells:

 Spells                   Type           Power        Failure   Level  Hunger
 Animate Skeleton         Necr           N/A          4%          1    N/A
 Vampiric Draining        Necr           ###.......   12%         3    N/A
 Animate Dead             Necr           N/A          38%         4    N/A
 Regeneration             Chrm/Necr      Unusable     N/A         3    N/A

Dungeon Overview and Level Annotations

Branches:
Dungeon (2/15)

Altars:
Yredelemnul


Innate Abilities, Weirdness & Mutations

You do not eat or drink.
Your flesh is vulnerable to fire.
You are immune to poison.
Your flesh is cold resistant. (rC+)
You are immune to negative energy. (rN+++)
You are immune to unholy pain and torment.
You can survive without breathing.


Message History

Confirm with . or Enter, or press ? or * to list all spells.
Aiming: Pain (safe; 4% risk of failure)
Press: ? - help, Shift-Dir - straight line, f/p - gnoll
Aim: a gnoll, wielding a +0 halberd (lightly wounded, chance to defeat MR: 80%)
The gnoll barely resists.
The gnoll closely misses you.
Casting: Pain (safe; 4% risk of failure)
Confirm with . or Enter, or press ? or * to list all spells.
Aiming: Pain (safe; 4% risk of failure)
Press: ? - help, Shift-Dir - straight line, f/p - gnoll
Aim: a gnoll, wielding a +0 halberd (lightly wounded, chance to defeat MR: 80%)
The gnoll barely resists.
The gnoll hits you with a +0 halberd!
* * * LOW HITPOINT WARNING * * *
The gnoll barely misses you.
Casting: Pain (safe; 4% risk of failure)
Confirm with . or Enter, or press ? or * to list all spells.
Aiming: Pain (safe; 4% risk of failure)
Press: ? - help, Shift-Dir - straight line, f/p - gnoll
Aim: a gnoll, wielding a +0 halberd (lightly wounded, chance to defeat MR: 80%)
The gnoll writhes in agony.
The gnoll hits you with a +0 halberd!
You die...

#.######.....###.#
#.# #.....# #.# ##.##
#.....# #.# ##...##
#.....# #.# #.....#
#.....# #.# ##...##
####### #.## ##..#
#... ##g# ### #..#
#@# ##.## #..#
####g### ##(#.## #..#
#..(...###.###.###..#
#.##.#....## ##.##..#
#.##...###.###......#
#.####.# ##.#.####.##
#.####.# ##.## #.##
#......# ### #...
######## ####


You could see 2 gnolls.

Vanquished Creatures
  2 adders
  A worm (D:1)
  A dart slug (D:1)
  A leopard gecko (D:1)
  A giant cockroach (D:1)
  3 goblins
  A ball python (D:1)
  3 bats
  A frilled lizard (D:1)
  3 kobolds
  4 rats
21 creatures vanquished.

Notes
Turn   | Place    | Note
-------+----------+-------------------------------------------
     0 | D:1      | 1994 the Mummy Necromancer began the quest for the Orb.
     0 | D:1      | Reached XP level 1. HP: 13/13 MP: 4/4
   478 | D:1      | Reached XP level 2. HP: 15/20 MP: 5/5
  1350 | D:2      | Reached skill level 1 in Fighting
  1406 | D:1      | Reached XP level 3. HP: 24/26 MP: 0/7
  1514 | D:2      | Found a basalt altar of Yredelemnul.
  1612 | D:1      | Mangled by a gnoll

Skill      XL: |  1  2  3 |
---------------+----------+-----
Spellcasting   | 3 |  3.2
Fighting       | 1 |  1.1
Dodging        | 2 |  2.0
Stealth        | |  1.6
Necromancy     | |  4.4

Action                   || total
-------------------------++-------
Melee: Unarmed           ||    14
       Whip              ||    17
 Cast: Pain              ||    54
Armor: Leather armour    ||    22
       Robe              ||     2
Dodge: Dodged            ||    31
